 Dungeon Crawl Stone Soup version 0.24-a0-525-g9231cdcba1 (webtiles) character file.

Game seed: 15963852020580162737

23 Mithandil the Skirmisher (level 2, 0/27 HPs)
             Began as a Hill Orc Fighter on Aug 2, 2019.
             Slain by an adder (2 damage)
             ... on level 2 of the Dungeon.
             The game lasted 00:05:26 (634 turns).

Mithandil the Skirmisher (Hill Orc Fighter)          Turns: 634, Time: 00:05:26

Health: 0/27       AC:  6    Str: 18    XL:     2   Next: 95%
Magic:  2/2        EV:  7    Int:  8    God:
Gold:   25         SH:  9    Dex: 10    Spells: 1/1 levels left

rFire    . . .     SeeInvis .   b - +0 trident
rCold    . . .     Gourm    .   c - +0 shield
rNeg     . . .     Faith    .   s - +0 scale mail
rPois    .         Spirit   .   (no helmet)
rElec    .         Reflect  .   (no cloak)
rCorr    .         Harm     .   (no gloves)
MR       .....                  (no boots)
Stlth    ..........             (no amulet)
HPRegen  0.09/turn              (no ring)
MPRegen  0.08/turn              (no ring)

@: lethally poisoned (0 -> -4)
A: no striking features
a: no special abilities


You were on level 2 of the Dungeon.
You were not hungry.

You visited 1 branch of the dungeon, and saw 3 of its levels.

You collected 25 gold pieces.

Inventory:

Hand Weapons
 a - a +0 mace
 b - a +0 trident (weapon)
 l - a +0 short sword
Armour
 c - a +0 shield (worn)
 s - a +0 scale mail (worn)
Scrolls
 h - 3 scrolls of teleportation {unknown}
Potions
 d - a potion of might
 i - a potion of lignification {unknown}
 j - a potion of curing {unknown}
 k - a potion of brilliance {unknown}
Comestibles
 f - a ration
 g - 7 chunks of flesh


   Skills:
 + Level 3.7 Fighting
 * Level 2.8 Polearms
 + Level 3.4 Armour
 + Level 0.4 Dodging
 * Level 3.6 Shields


You had one spell level left.
You didn't know any spells.
Your spell library was empty.

Dungeon Overview and Level Annotations

Branches:
Dungeon (3/15)

Altars:


Message History

You hit the adder.
The adder is heavily wounded.
The adder closely misses you.
Your shield and scale mail prevent you from hitting the adder.
The adder is heavily wounded.
You feel sick. You block the adder's attack. The adder closely misses you.
You closely miss the adder.
The adder is heavily wounded.
You block the adder's attack. x2
You miss the adder.
The adder is heavily wounded.
You feel sick. The adder closely misses you.
Your shield and scale mail prevent you from hitting the adder.
The adder is heavily wounded.
The adder bites you but does no damage. The adder bites you.
* * * LOW HITPOINT WARNING * * *
You closely miss the adder.
The adder is heavily wounded.
The adder bites you.
You die...

########## #.........
#############.........
..!...................
......................
.......@.......#########
.......S................
.......##.##############
.##....#...+ #..#.#...#
#....##... #. .. #...#
####. ##... ...#


You could see an adder.

Vanquished Creatures
  2 worms (D:2)
  A leopard gecko (D:1)
  A bat (D:3)
  5 hobgoblins
  A kobold (D:2)
  A quokka (D:2)
  3 frilled lizards (D:1)
  A rat (D:1)
15 creatures vanquished.

Notes
Turn   | Place    | Note
-------+----------+-------------------------------------------
     0 | D:1      | Mithandil the Hill Orc Fighter began the quest for the Orb.
     0 | D:1      | Reached XP level 1. HP: 19/19 MP: 1/1
   273 | D:1      | Reached XP level 2. HP: 25/27 MP: 2/2
   633 | D:2      | HP: 1/27 [adder (4)]
   634 | D:2      | Slain by an adder

Levels and vault maps discovered:
D:1:      evilmike_arrival_hilbert_curve, layout_basic, minmay_hedge_maze,
          corexii_leaking_fountain
D:2:      minmay_razor_zed, layout_basic, grunt_dithmenos_smoke_and_mirrors
D:3:      layout_loops_ring, minmay_puff

Action                   || total
-------------------------++-------
Melee: Trident           ||    89
Armor: Scale mail        ||    23
Dodge: Dodged            ||    15
Block: Shield            ||    37

Table legend:
 A = Non-vault XP
 B = Vault XP
 C = Vault XP percentage of total XP
 D = Non-vault monster count
 E = Vault monster count
 F = Vault count percentage of total count
                 A         B        C        D         E       F
            +---------+---------+-------+---------+---------+-------
      Total |      33 |       0 |   0.0 |      15 |       0 |   0.0
            +---------+---------+-------+---------+---------+-------
        D:1 |      13 |       0 |   0.0 |       8 |       0 |   0.0
        D:2 |      16 |       0 |   0.0 |       5 |       0 |   0.0
        D:3 |       4 |       0 |   0.0 |       2 |       0 |   0.0
            +---------+---------+-------+---------+---------+-------
